 Dungeon Crawl Stone Soup version 0.25.1-2-g60ff931df9 (webtiles) character file.

Game seed: 17808434661587901137

190117 Curus the Slayer (level 17, -8/207 HPs)
             Began as a Minotaur Gladiator on Aug 25, 2020.
             Was the Champion of Okawaru.
             Killed from afar by a hellion (38 damage)
             ... with damnation
             ... in a wizard's laboratory on Aug 26, 2020.
             The game lasted 03:17:40 (32558 turns).

Curus the Slayer (Minotaur Gladiator)              Turns: 32558, Time: 03:17:41

Health: -8/207     AC: 17    Str: 21    XL:     17   Next: 97%
Magic:  21/21      EV: 25    Int: 12    God:    Okawaru [******]
Gold:   2393       SH:  8    Dex: 16    Spells: 16/16 levels left

rFire    + . .     SeeInvis +   P - +8 autumn katana {vorpal, Clar}
rCold    + . .     Gourm    .   B - +3 buckler
rNeg     + . .     Faith    +   U - +2 ring mail of Time Monsters {Harm MR- Regen+ Int+4}
rPois    .         Spirit   .   W - +2 hat {SInv}
rElec    +         Reflect  .   n - scarf {rC+ rF+}
rCorr    .         Harm     +   Q - +2 pair of gloves "Bymalamm" {rElec MR++}
MR       +++..     Clarity  +   I - +2 pair of boots {run}
Stlth    +.........             i - amulet of faith
HPRegen  0.84/turn              a - ring of protection from magic
MPRegen  0.17/turn              c - ring of positive energy

@: quick
A: retaliatory headbutt, horns 2, molten scales 1, agile 1, robust 2, subdued
magic 1
a: Heroism, Finesse, Renounce Religion


You were in a wizard's laboratory.
You worshipped Okawaru.
Okawaru was exalted by your worship.
You were very hungry.

You visited 6 branches of the dungeon, and saw 29 of its levels.
You visited the Abyss 1 time.
You visited 1 bazaar.
You also visited: Ice Cave, Volcano and Wizlab.

You collected 3147 gold pieces.
You spent 754 gold pieces at shops.

Inventory:

Hand Weapons
 z - a +3 scimitar of flaming
 P - the +8 autumn katana (weapon) {vorpal, Clar}
   (You found it on level 1 of the Lair of Beasts)

   It inflicts extra damage upon your enemies.
   It protects you against confusion.
Missiles
 d - 5 throwing nets (quivered)
Armour
 n - a scarf of resistance (worn)
 B - a +3 buckler (worn)
 E - a +1 pair of gloves of dexterity
 I - a +2 pair of boots of running (worn)
 L - a scarf of repulsion
 Q - the +2 pair of gloves "Bymalamm" (worn) {rElec MR++}
   (Okawaru gifted it to you on level 2 of the Lair of Beasts)

   It insulates you from electricity.
   It affects your resistance to hostile enchantments.
 T - a +0 cloak of magic resistance
 U - the +2 ring mail of Time Monsters (worn) {Harm MR- Regen+ Int+4}
   (You found it on level 2 of the Lair of Beasts)

   It affects your intelligence (+4).
   It affects your resistance to hostile enchantments.
   It increases your rate of regeneration.
   It increases damage dealt and taken.
 W - a +2 hat of see invisible (worn)
 X - a +2 pair of boots of flying
Jewellery
 a - a ring of protection from magic (left hand)
 c - a ring of positive energy (right hand)
 i - an amulet of faith (around neck)
 l - an uncursed ring of protection from magic
 o - an uncursed ring of protection from fire
 s - an uncursed ring of protection from magic
 u - an uncursed ring of stealth
 x - an uncursed ring of see invisible
 C - an uncursed ring of protection from fire
 H - the ring of the Scarab {rC+ Str+3}
   (You found it on level 6 of the Lair of Beasts)

   [ring of protection from cold]

   It affects your strength (+3).
   It protects you from cold.
 J - an uncursed ring of protection from cold
Wands
 b - a wand of clouds (4)
 g - a wand of digging (12)
 m - a wand of paralysis (21)
 p - a wand of enslavement (13)
 A - a wand of polymorph (20)
 D - a wand of iceblast (33)
 M - a wand of flame (55)
 O - a wand of disintegration (32)
Scrolls
 h - 14 scrolls of teleportation
 j - 21 scrolls of identify
 q - 5 scrolls of fear
 t - 3 scrolls of magic mapping
 y - 7 scrolls of remove curse
 G - 3 scrolls of blinking
 K - a scroll of summoning
 Y - 2 scrolls of fog
Potions
 e - 22 potions of curing
 k - 6 potions of haste
 r - 5 potions of cancellation
 F - 3 potions of ambrosia
 N - a potion of might
 S - a potion of invisibility
 V - a potion of flight
Miscellaneous
 w - a phantom mirror
 R - a phial of floods
Comestibles
 f - 57 rations


   Skills:
 + Level 21.2 Fighting
 - Level 18.3 Long Blades
 - Level 2.0 Throwing
 + Level 19.9 Dodging
 - Level 4.0 Shields
 - Level 6.8 Invocations
 - Level 6.2 Evocations


You had 16 spell levels left.
You didn't know any spells.
Your spell library contained the following spells:

 Spells                   Type           Power        Failure   Level  Hunger
 Animate Skeleton         Necr           N/A          45%         1    ##.....
 Apportation              Tloc           #.....       45%         1    ##.....
 Beastly Appendage        Tmut           #.....       45%         1    ##.....
 Corona                   Hex            #......      45%         1    ##.....
 Freeze                   Ice            #...         45%         1    ##.....
 Magic Dart               Conj           #...         45%         1    ##.....
 Summon Butterflies       Summ           #.......     45%         1    ##.....
 Summon Small Mammal      Summ           #...         45%         1    ##.....
 Sticks to Snakes         Tmut           #.......     58%         2    ###....
 Call Canine Familiar     Summ           #.......     83%         3    ####...
 Frozen Ramparts          Ice            #.....       83%         3    ####...
 Ozocubu's Armour         Chrm/Ice       #.......     83%         3    ####...
 Spider Form              Tmut/Pois      #.........   83%         3    ####...
 Hailstorm                Conj/Ice       #.......     99%         4    #####..
 Ice Form                 Ice/Tmut       #.......     99%         4    #####..
 Summon Ice Beast         Ice/Summ       #.......     99%         4    #####..
 Summon Lightning Spire   Summ/Air       #.......     99%         4    #####..
 Aura of Abjuration       Summ           #.........   100%        5    ######.
 Blade Hands              Tmut           #.........   100%        5    ######.
 Bolt of Magma            Conj/Fire/Erth #.........   100%        5    ######.
 Iskenderun's Battlesphe  Conj/Chrm      #.......     100%        5    ######.
 Silence                  Hex/Air        #.........   100%        5    ######.
 Summon Mana Viper        Hex/Summ       #.......     100%        5    ######.
 Conjure Ball Lightning   Conj/Air       #.........   100%        6    #######
 Iron Shot                Conj/Erth      #.........   100%        6    #######
 Orb of Destruction       Conj           #.........   100%        7    #######
 Spellforged Servitor     Conj/Summ      #.........   100%        7    #######
 Summon Hydra             Summ           #.........   100%        7    #######
 Tornado                  Air            #.........   100%        9    #######


Dungeon Overview and Level Annotations

Branches:
Dungeon (15/15)            Temple (1/1) D:5            Lair (6/6) D:10
 Shoals (3/4) Lair:3       Spider (0/4) Lair:2        Slime (0/5) Lair:5
    Orc (2/2) D:12            Elf (2/3) Orc:2        Vaults (0/5) D:13
 Depths (0/5) D:15          IceCv (visited)         Volcano (visited)
 WizLab (1/1)

Altars:
Ashenzari
Cheibriados
Fedhas
Gozag
Hepliaklqana
Kikubaaqudgha
Nemelex Xobeh
Okawaru
Qazlal
Ru
Sif Muna
Trog
Uskayaw
Vehumet
Wu Jian
Xom
Yredelemnul
The Shining One
Beogh

Shops:
D:5 =   D:7 [   Orc:2 [[([

Annotations:
D:2 Robin
Elf:2 Roxanne


Innate Abilities, Weirdness & Mutations

You reflexively headbutt those who attack you in melee.
You have a pair of horns on your head.
You are partially covered in molten scales. (AC +2)
You are agile. (Dex +2)
You are very robust. (+20% HP)
Your spells are a little easier to cast, but a little less powerful.


Message History

The sphere of damnation explodes!
The damnation engulfs you!!
* * * LOW HITPOINT WARNING * * *
The damnation engulfs the hellion.
The hellion completely resists.
You hit the hellion but do no damage.
You headbutt the hellion, but do no damage.
The hellion gestures at you.
The sphere of damnation explodes!
The damnation engulfs you!!
* * * LOW HITPOINT WARNING * * *
The damnation engulfs the hellion.
The hellion completely resists.
You feel much better. The hellion misses you.
You riposte.
You hit the hellion.
The hellion is lightly wounded.
You slash the hellion!
The hellion is severely wounded.
The hellion hits you.
* * * LOW HITPOINT WARNING * * *
You hit the hellion but do no damage. You headbutt the hellion!
The hellion is almost dead.
The hellion gestures at you.
The sphere of damnation explodes!
The damnation engulfs you!!
You die...

#...........##.##...........#
##.........................##
#..........##)##..........#
##.......)##...##........##
##.......#.....#.......##
###.................###
##....#.....#....##
#....##...##....#
##....##@##....##
##......2....## #...........#
##.........## ##.......##
###'''### ##.....###
#.........### .............##


You could see a hellion.

Vanquished Creatures
  A Hellbinder (WizLab)
  Jorgrun (D:13)
  A kraken (Shoals:3)
  A tentacled starspawn (Abyss:3)
  A shadow dragon (Elf:1)
  Ilsuiw (Shoals:2)
  A fire giant (D:15)
  A deep elf sorcerer (Elf:1)
  An iron dragon (Elf:1)
  2 balrugs (WizLab)
  The ghost of Geyn the Blocker, an adept GnFi of Xom (D:15)
  An orc warlord (Orc:1)
  A blood saint (WizLab)
  A lorocyproca (WizLab)
  2 deep elf demonologists
  Nessos (D:14)
  A deep elf death mage (Elf:1)
  A large abomination (Elf:1)
  A merfolk javelineer (Shoals:2)
  An ogre mage (D:15)
  5 merfolk impalers
  A blizzard demon (WizLab)
  Josephine (D:13)
  2 deep elf high priests (Elf:1)
  4 hell beasts (WizLab)
  2 ice dragons (Elf:1)
  9 hydras
  A catoblepas (D:15)
  6 centaur warriors
  11 two-headed ogres
  6 merfolk avatars
  Erica (Lair:2)
  An alligator snapping turtle (Shoals:1)
  6 dancing weapons
  3 satyrs
  2 orc high priests
  Nergalle (Lair:1)
  A soul eater (WizLab)
  A thrashing horror (Abyss:3)
  Urug (Lair:2)
  5 small abominations
  19 deep elf knights
  3 sun demons
  3 unseen horrors
  2 wretched stars (Abyss:3)
  5 sea snakes
  2 deep elf archers
  A wolf spider zombie (D:12)
  8 harpies
  4 cyclopes
  6 orc knights
  5 orc sorcerers
  26 deep elf magi
  10 ugly things
  5 oklob plants
  7 manticores
  16 fauns
  A guardian serpent (shapeshifter) (D:15)
  2 ice statues (IceCv)
  Joseph (D:8)
  3 black mambas
  9 merfolk sirens
  7 elephants
  An orange demon (WizLab)
  6 water nymphs
  A rust devil (WizLab)
  A molten gargoyle (Volcano)
  2 torpor snails (Lair:4)
  6 spiny frogs
  A hellion (Abyss:3)
  4 rime drakes
  7 komodo dragons
  A kobold demonologist (D:12)
  2 tormentors (WizLab)
  3 ice devils (WizLab)
  A freezing wraith (D:13)
  3 red devils
  5 hellwings (WizLab)
  2 efreet (D:13)
  A queen bee (Lair:3)
  21 merfolk
  12 trolls
  4 hornets (Lair:6)
  4 polar bears (Lair:6)
  9 slime creatures
  An ancient zyme (Abyss:3)
  4 wind drakes
  4 snapping turtles
  A raiju (shapeshifter) (D:14)
  8 blink frogs
  Grinder (D:5)
  3 dream sheep
  11 hippogriffs
  A centaur simulacrum (D:14)
  5 wraiths (D:13)
  A ynoxinul (Abyss:3)
  4 air elementals
  41 yaks
  A shadow (D:13)
  14 spriggans (Lair:6)
  3 water elementals
  2 basilisks
  4 wyverns
  A chaos spawn (Abyss:3)
  6 fire bats (Volcano)
  5 neqoxecs
  A golden eye (Abyss:3)
  4 steam dragons
  17 humans
  6 fire elementals
  Menkaure (D:6)
  3 vampire mosquitoes (D:14)
  8 wargs
  5 hell hounds
  A floating eye (Lair:3)
  2 acid dragons (D:13)
  9 water moccasins
  9 porcupines
  20 ice beasts
  43 orc warriors
  4 sky beasts
  2 phantoms
  32 wolves
  3 black bears
  A necrophage (D:13)
  22 ogres
  4 boggarts (Lair:6)
  18 centaurs
  7 crocodiles
  An elf zombie (Abyss:3)
  A big kobold (shapeshifter) (D:15)
  5 big kobolds
  2 earth elementals (Elf:1)
  18 bullfrogs
  A wyvern skeleton (D:15)
  2 water moccasin skeletons
  9 scorpions
  27 killer bees
  5 wights (D:11)
  2 howler monkeys
  6 crimson imps
  3 centaur zombies
  A bullfrog zombie (D:9)
  5 lava snakes (Volcano)
  2 quasits
  11 hounds
  7 jellies
  25 orc priests
  4 centaur skeletons
  A gnoll shaman (D:5)
  23 orc wizards
  4 bullfrog skeletons
  5 iguanas
  Ijyb (D:3)
  11 worker ants
  A hound zombie (D:7)
  2 hound skeletons
  A worker ant zombie (D:6)
  5 gnolls (D:5)
  13 adders
  5 shadow imps
  An adder skeleton (D:9)
  7 worms
  4 dart slugs
  6 leopard geckos
  104 orcs
  2 ball pythons
  9 bats
  5 giant cockroaches
  A goblin (shapeshifter) (Elf:1)
  18 goblins
  4 hobgoblins
  5 jackals (D:3)
  10 kobolds
  3 quokkas
  5 frilled lizards
  7 rats
  A crawling corpse (Elf:1)
  A fungus (D:10)
  2 plants
  3 tentacles (Shoals:3)
1084 creatures vanquished.

Vanquished Creatures (others)
  A steam dragon (D:8)
  An orc priest (Elf:1)
  An orc wizard (D:12)
  5 orcs (Elf:1)
  A crawling corpse (Elf:1)
  8 fungi
  3 plants
  A tentacle (Shoals:3)
21 creatures vanquished.

Grand Total: 1105 creatures vanquished

Notes
Turn   | Place    | Note
-------+----------+-------------------------------------------
     0 | D:1      | Curus the Minotaur Gladiator began the quest for the Orb.
     0 | D:1      | Reached XP level 1. HP: 18/18 MP: 0/0
   232 | D:1      | Reached XP level 2. HP: 22/25 MP: 1/1
   958 | D:2      | Reached skill level 5 in Long Blades
  1002 | D:2      | Found a sacrificial altar of Ru.
  1018 | D:2      | Noticed Robin
  1019 | D:2      | Reached XP level 3. HP: 30/30 MP: 2/2
  1396 | D:2      | Found a blossoming altar of Fedhas.
  1440 | D:2      | Reached XP level 4. HP: 28/37 MP: 3/3
  1963 | D:2      | Found a hazy altar of Hepliaklqana.
  2068 | D:3      | Found an opulent altar of Gozag.
  2161 | D:3      | Reached XP level 5. HP: 10/42 MP: 4/4
  2575 | D:3      | Found a basalt altar of Yredelemnul.
  3051 | D:3      | Noticed Ijyb
  3072 | D:3      | Killed Ijyb
  3395 | D:4      | Noticed an ogre
  3403 | D:4      | Killed an ogre
  3403 | D:4      | Reached XP level 6. HP: 50/50 MP: 5/5
  3438 | D:4      | Found a hide-covered altar of Uskayaw.
  3523 | D:4      | Found a shimmering blue altar of Sif Muna.
  3547 | D:4      | Identified Sif Muna's Compendium of Conjuration
  4212 | D:5      | Entered Level 5 of the Dungeon
  4240 | D:5      | Reached XP level 7. HP: 55/56 MP: 6/6
  4418 | D:5      | Reached skill level 10 in Long Blades
  4518 | D:5      | Noticed Grinder
  4552 | D:5      | Paralysed by Grinder for 2 turns
  4571 | D:5      | Killed Grinder
  4895 | D:5      | Found Bumoibb's Jewellery Shop.
  4898 | D:5      | Found a sparkling altar of Nemelex Xobeh.
  4903 | D:5      | Bought a cursed ring of teleportation for 58 gold pieces
  4903 | D:5      | Bought an uncursed ring of see invisible for 195 gold
                  | pieces
  5043 | D:5      | Found a staircase to the Ecumenical Temple.
  5056 | Temple   | Entered the Ecumenical Temple
  5071 | Temple   | Became a worshipper of Warmaster Okawaru
  5206 | D:5      | Found an ornate altar of the Wu Jian Council.
  5312 | D:6      | Reached XP level 8. HP: 44/62 MP: 7/7
  5316 | D:6      | Noticed Menkaure
  5324 | D:6      | Killed Menkaure
  5601 | D:6      | Reached * piety under Okawaru
  5983 | D:6      | Gained mutation: You are surrounded by a mild repulsion
                  | field. (EV +2) [potion of mutation]
  5983 | D:6      | Gained mutation: Your body sometimes deteriorates upon
                  | taking damage. [potion of mutation]
  5983 | D:6      | Gained mutation: Armour fits poorly on your strangely
                  | shaped body. [potion of mutation]
  5983 | D:6      | Gained mutation: You are partially covered in molten
                  | scales. (AC +2) [potion of mutation]
  6283 | D:6      | Lost mutation: Your body sometimes deteriorates upon taking
                  | damage. [potion of mutation]
  6283 | D:6      | Lost mutation: You are partially covered in molten scales.
                  | (AC +2) [potion of mutation]
  6283 | D:6      | Lost mutation: Armour fits poorly on your strangely shaped
                  | body. [potion of mutation]
  6283 | D:6      | Gained mutation: You are dopey. (Int -2) [potion of
                  | mutation]
  6283 | D:6      | Gained mutation: Scrolls take you a little longer to read.
                  | [potion of mutation]
  6283 | D:6      | Gained mutation: Your spells are a little easier to cast,
                  | but a little less powerful. [potion of mutation]
  6283 | D:6      | Gained mutation: You are robust. (+10% HP) [potion of
                  | mutation]
  6312 | D:7      | Found Caloukh's Armour Shop.
  6539 | D:7      | Bought a +1 pair of gloves of dexterity for 247 gold pieces
  6607 | D:7      | Reached ** piety under Okawaru
  6914 | D:7      | Reached XP level 9. HP: 74/74 MP: 8/8
  7121 | D:7      | Found an opulent altar of Gozag.
  7127 | D:7      | Found a snail-covered altar of Cheibriados.
  7127 | D:7      | Found a shimmering altar of Xom.
  7296 | D:8      | Noticed Joseph
  7316 | D:8      | Killed Joseph
  7316 | D:8      | Reached *** piety under Okawaru
  7702 | D:8      | Reached skill level 15 in Long Blades
  8015 | D:8      | Reached **** piety under Okawaru
  8800 | D:9      | Noticed a two-headed ogre
  8806 | D:9      | Killed a two-headed ogre
  8806 | D:9      | Reached ***** piety under Okawaru
  8806 | D:9      | Reached XP level 10. HP: 58/81 MP: 9/9
  9136 | D:9      | Found a shimmering altar of Xom.
  9319 | D:9      | Noticed a two-headed ogre
  9323 | D:9      | Killed a two-headed ogre
  9353 | D:9      | Received a gift from Okawaru
  9354 | D:9      | Got a shimmering glaive {god gift}
  9474 | D:9      | Identified the +9 glaive "Ofeuz" {vorpal, Dex+2} (Okawaru
                  | gifted it to you on level 9 of the Dungeon)
  9475 | D:10     | Entered Level 10 of the Dungeon
  9596 | D:10     | Found a staircase to the Lair.
 10123 | Lair:1   | Entered Level 1 of the Lair of Beasts
 10203 | Lair:1   | Found the +8 autumn katana {vorpal, Clar}
 10212 | Lair:1   | Reached skill level 3 in Fighting
 10519 | Lair:1   | Reached skill level 4 in Fighting
 10519 | Lair:1   | Reached XP level 11. HP: 85/92 MP: 10/10
 10757 | Lair:1   | Noticed Nergalle
 10765 | Lair:1   | Killed Nergalle
 10765 | Lair:1   | Reached skill level 5 in Fighting
 10765 | Lair:1   | Reached skill level 5 in Dodging
 10791 | Lair:1   | Reached ****** piety under Okawaru
 11007 | Lair:1   | Noticed an oklob plant
 11185 | Lair:2   | Received a gift from Okawaru
 11190 | Lair:2   | Got a pair of heavily runed gloves {god gift}
 11201 | Lair:2   | Identified the +2 pair of gloves "Bymalamm" {rElec MR++}
                  | (Okawaru gifted it to you on level 2 of the Lair of Beasts)
 11293 | Lair:2   | Found a hole to the Spider Nest.
 11321 | Lair:2   | Reached skill level 6 in Fighting
 11613 | Lair:2   | Got a fine ring mail
 11624 | Lair:2   | Identified the +2 ring mail of Time Monsters {Harm MR-
                  | Regen+ Int+4} (You found it on level 2 of the Lair of
                  | Beasts)
 11653 | Lair:2   | Found a dark tunnel.
 11672 | Volcano  | Entered a volcano
 11798 | Volcano  | Reached skill level 7 in Fighting
 12003 | Volcano  | Noticed a red ugly thing
 12028 | Volcano  | Killed a red ugly thing
 12028 | Volcano  | Noticed a sun demon
 12039 | Volcano  | Killed a sun demon
 12039 | Volcano  | Reached skill level 8 in Fighting
 12261 | Volcano  | Found a bloodstained altar of Trog.
 12307 | Volcano  | Noticed an orc sorcerer
 12311 | Volcano  | Killed an orc sorcerer
 12415 | Lair:2   | Noticed Urug
 12424 | Lair:2   | Killed Urug
 12424 | Lair:2   | Reached skill level 9 in Fighting
 12545 | Lair:2   | Noticed Erica
 12559 | Lair:2   | Received a gift from Okawaru
 12565 | Lair:2   | Killed Erica
 12565 | Lair:2   | Reached XP level 12. HP: 101/115 MP: 11/11
 13102 | Lair:3   | Paralysed by a floating eye for 3 turns
 13111 | Lair:3   | Paralysed by a floating eye for 2 turns
 13272 | Lair:3   | Noticed an eight-headed hydra
 13278 | Lair:3   | Reached skill level 10 in Fighting
 13281 | Lair:3   | Killed a five-headed hydra
 13290 | Lair:3   | Reached skill level 10 in Dodging
 13355 | Lair:3   | Found a staircase to the Shoals.
 13371 | Lair:3   | Reached skill level 11 in Fighting
 13850 | Lair:4   | Received a gift from Okawaru
 14006 | Lair:4   | Noticed a seven-headed hydra
 14018 | Lair:4   | Killed a two-headed hydra
 14018 | Lair:4   | Reached skill level 12 in Fighting
 14708 | Lair:4   | Lost mutation: You are dopey. (Int -2) [potion of mutation]
 14708 | Lair:4   | Lost mutation: You are surrounded by a mild repulsion
                  | field. (EV +2) [potion of mutation]
 14708 | Lair:4   | Lost mutation: Scrolls take you a little longer to read.
                  | [potion of mutation]
 14708 | Lair:4   | Gained mutation: You are very robust. (+20% HP) [potion of
                  | mutation]
 14708 | Lair:4   | Gained mutation: You are partially covered in molten
                  | scales. (AC +2) [potion of mutation]
 14755 | Lair:5   | Found a staircase to the Slime Pits.
 14827 | Lair:5   | Reached XP level 13. HP: 131/142 MP: 12/12
 15107 | Lair:5   | Reached skill level 13 in Fighting
 15325 | Lair:6   | Entered Level 6 of the Lair of Beasts
 15577 | Lair:6   | Received a gift from Okawaru
 15579 | Lair:6   | Got a fabulously ornate robe {god gift}
 15643 | Lair:6   | Reached skill level 14 in Fighting
 16198 | Lair:6   | Got an ancient lead ring
 16202 | Lair:6   | Identified the ring of the Scarab {rC+ Str+3} (You found it
                  | on level 6 of the Lair of Beasts)
 16375 | Lair:6   | Received a gift from Okawaru
 16851 | Lair:5   | Reached skill level 15 in Fighting
 17337 | Lair:1   | Reached XP level 14. HP: 152/162 MP: 13/13
 18362 | D:11     | Found a frozen archway.
 18385 | IceCv    | Entered an ice cave
 18404 | IceCv    | Found a transporter.
 18419 | IceCv    | Found a transporter.
 18873 | D:11     | Received a gift from Okawaru
 19383 | D:12     | Reached skill level 16 in Fighting
 19383 | D:12     | Reached skill level 15 in Dodging
 19404 | D:12     | Found a staircase to the Orcish Mines.
 19614 | Orc:1    | Entered Level 1 of the Orcish Mines
 19786 | Orc:2    | Entered Level 2 of the Orcish Mines
 19800 | Orc:2    | Reached skill level 1 in Shields
 19803 | Orc:2    | Reached skill level 1 in Invocations
 19814 | Orc:1    | Reached skill level 1 in Evocations
 19823 | Orc:1    | Received a gift from Okawaru
 20159 | Orc:2    | Found a staircase to the Elven Halls.
 20514 | Orc:2    | Found a roughly hewn altar of Beogh.
 20570 | Orc:2    | Noticed an orc warlord
 20661 | Orc:1    | HP: 7/164 [orc warlord/+0 vorpal glaive (8)]
 20667 | Orc:1    | Killed an orc warlord
 21040 | Orc:2    | Found a roughly hewn altar of Beogh.
 21092 | Orc:2    | Found a roughly hewn altar of Beogh.
 21191 | Orc:2    | Found Zougaynt's Armour Emporium.
 21461 | Orc:2    | Found Tun Cas's Antique Armour Shop.
 21587 | Orc:2    | Found a roughly hewn altar of Beogh.
 21673 | Orc:2    | Found Muzabol's Antique Weapon Boutique.
 21674 | Orc:2    | Found a roughly hewn altar of Beogh.
 21677 | Orc:2    | Found Beolotig's Antique Armour Shop.
 22446 | D:13     | Found a gate to the Vaults.
 22449 | D:13     | Reached skill level 5 in Invocations
 22459 | D:13     | Received a gift from Okawaru
 22462 | D:13     | Reached skill level 5 in Evocations
 22462 | D:13     | Reached XP level 15. HP: 158/172 MP: 16/18
 22575 | D:13     | Noticed Josephine
 22589 | D:13     | Killed Josephine
 22663 | D:13     | Noticed Jorgrun
 22672 | D:13     | Killed Jorgrun
 23893 | D:14     | Noticed Nessos
 23901 | D:14     | Killed Nessos
 23976 | D:14     | Found a flickering gateway to a bazaar.
 23990 | D:14     | Received a gift from Okawaru
 24001 | Bazaar   | Entered a bazaar
 24015 | Bazaar   | Found Enenev's Armour Shoppe.
 24030 | Bazaar   | Found Ajuph's Antique Armour Shoppe.
 24045 | Bazaar   | Found Isoteox's Magic Scroll Shoppe.
 24049 | Bazaar   | Bought a scroll of torment for 112 gold pieces
 24049 | Bazaar   | Bought a scroll of blinking for 112 gold pieces
 24049 | Bazaar   | Bought a scroll of fog for 30 gold pieces
 24473 | D:14     | Found a stormy altar of Qazlal.
 24533 | D:15     | Entered Level 15 of the Dungeon
 24533 | D:15     | Found a staircase to the Depths.
 24533 | D:15     | Noticed a fire giant
 24544 | D:15     | Killed a fire giant
 24638 | D:15     | Identified a scroll of acquirement
 24638 | D:15     | Acquired a +1 hat of see invisible
 24717 | D:15     | Found a transporter.
 24719 | D:15     | Noticed Geyn's ghost (adept GnFi)
 24749 | D:15     | Received a gift from Okawaru
 24749 | D:15     | Reached skill level 17 in Fighting
 25351 | D:15     | Found a transporter.
 25405 | D:15     | Killed Geyn's ghost
 25718 | Shoals:1 | Entered Level 1 of the Shoals
 25820 | Shoals:1 | Reached XP level 16. HP: 180/188 MP: 20/20
 26691 | Shoals:2 | Noticed Ilsuiw
 26694 | Shoals:2 | Reached skill level 18 in Fighting
 26760 | Shoals:2 | Received a gift from Okawaru
 26763 | Shoals:2 | Got a slimy great sword {god gift}
 26774 | Shoals:1 | Identified the +1 great sword of Peril {antimagic, SInv}
                  | (Okawaru gifted it to you on level 2 of the Shoals)
 27119 | Shoals:2 | Killed Ilsuiw
 27881 | Shoals:2 | Received a gift from Okawaru
 28693 | Shoals:3 | Reached skill level 19 in Fighting
 28980 | Shoals:3 | Noticed a kraken
 28987 | Shoals:3 | Killed a kraken
 29136 | Shoals:3 | Received a gift from Okawaru
 29935 | Elf:1    | Entered Level 1 of the Elven Halls
 30158 | Elf:1    | Received a gift from Okawaru
 30158 | Elf:1    | Reached XP level 17. HP: 201/201 MP: 21/21
 30673 | Elf:1    | Reached skill level 20 in Fighting
 30675 | Elf:1    | Received a gift from Okawaru
 30681 | Elf:1    | HP: 8/204 [large abomination[a deep elf high priest] (24)]
 30981 | Elf:1    | Identified the +8 chain mail of Death Resistance {Str+2}
 30984 | Elf:1    | Cast into level 3 of the Abyss (a deep elf demonologist)
 31213 | Elf:1    | Escaped the Abyss
 31241 | Elf:1    | Found a runed translucent gate.
 31241 | Elf:1    | Found a runed translucent gate.
 31241 | Elf:1    | Found a runed translucent gate.
 31241 | Elf:1    | Found a runed translucent gate.
 31241 | Elf:1    | Found a runed translucent gate.
 31243 | Elf:1    | Found a runed translucent gate.
 31758 | Elf:2    | Identified Roxanne's Collected Works on Transmutation
 31758 | Elf:2    | Noticed Roxanne
 31776 | Elf:2    | Received a gift from Okawaru
 31936 | Elf:2    | Found a magical portal.
 31960 | WizLab   | Entered The Hall of the Hellbinder
 31992 | WizLab   | HP: 10/206 [sun demon (6)]
 32295 | WizLab   | Identified the Tome of Creation
 32324 | WizLab   | Gained mutation: You are agile. (Dex +2) [a neqoxec]
 32330 | WizLab   | Reached skill level 21 in Fighting
 32338 | WizLab   | Received a gift from Okawaru
 32366 | WizLab   | Identified a +2 pair of boots of running (Okawaru gifted it
                  | to you in a wizard's laboratory)
 32483 | WizLab   | Noticed Keas Hasa
 32509 | WizLab   | Killed Keas Hasa the Hellbinder
 32558 | WizLab   | Killed from afar by a hellion

Illustrated notes

Levels and vault maps discovered:
D:1:      dpeg_arrival_yet_another_circle, layout_loops_ring
D:2:      layout_rooms, marbit_many_paths, fedhas_altar_2,
          minmay_misc_feat_enclosed, hex_intersection,
          nicolae_ru_the_path_less_chosen, uniq_robin
D:3:      kennysheep_goblin_castle, layout_rooms, lemuel_doored_altar,
          grunt_gozag_breadcrumbs
D:4:      layout_basic, eat_drink_and_be_merry_uskayaw, led_sif_book,
          first_ration
D:5:      layout_cave_pools, kennysheep_mini, temple_hall, serial_shops, shop,
          basic_altar, uniq_ijyb, uniq_grinder
D:6:      layout_cave_pools, gup_sewer_entry_spiral, uniq_menkaure
D:7:      layout_basic, grunt_temple_overflow_open, serial_shops,
          nicolae_shop_temple_entry_statues_fountains
D:8:      cheibrodos_steamvent, layout_loops_ring, uniq_joseph
D:9:      layout_roguey, basic_altar
D:10:     layout_rooms, due_lair_maze_entry_diamond
D:11:     layout_stronghold, portal_ice_cave_entry_ice_beasts, hangedman_ranch
          [blue_anna_fruit_fields], kennysheep_small_square
D:12:     layout_stronghold, erik_orc_4
D:13:     layout_basic, david_vaults_3, uniq_josephine, uniq_jorgrun
D:14:     layout_long_grid, serial_shops, bzr_entry_dummy,
          nicolae_qazlal_general_emergency, uniq_nessos
D:15:     grunt_enter_depths_giant_problem, layout_small_grid,
          serial_bayou_shore_b, gammafunk_ghost_arena
Temple:   dshaligram_water_room_temple
Lair:1:   beast_lair_carwin_large_3, layout_regular_city,
          eino_small_chamber_without_monster, minmay_lair_oklob_chamber,
          uniq_nergalle
Lair:2:   layout_roguey, nicolae_spider_entry_non_spiders, enter_volcano_3,
          st_stairs_10, minmay_stone_trees_small, uniq_erica, uniq_urug
Lair:3:   layout_loops_ring, elwin_shoals_entry_stream, special_room
          [special_room_bee], disabler_island
Lair:4:   layout_misc_corridors, lemuel_fruit_fields
Lair:5:   layout_cave_shapes, minmay_slime_entry_pillars,
          chequers_serial_rivers_room_b
Lair:6:   minmay_lair_end_enchanted_forest, layout_cave_pods,
          infiniplex_staircase_pool
Shoals:1: layout_shoals
Shoals:2: layout_shoals, nicolae_shoals_siren_and_animal_friends, uniq_ilsuiw
Shoals:3: layout_shoals
Orc:1:    layout_caves
Orc:2:    grunt_orc_community_town_hall, layout_caves,
          grunt_orc_community_big_house_1, grunt_orc_community_big_house_1,
          grunt_orc_community_house_1, grunt_orc_community_house_1,
          grunt_orc_community_house_3, grunt_orc_community_house_3,
          grunt_orc_community_house_3, nooodl_orcs_dogs
Elf:1:    eino_elf_arrival_shootout, layout_gridlike, orc_legates,
          nicolae_elf_w_pinch
Elf:2:    layout_geoelf_octagon, mu_enter_wizlab_1, uniq_roxanne
WizLab:   wizlab_demon

Skill      XL: |  1  2  3  4  5  6  7  8  9 10 11 12 13 14 15 16 17 |
---------------+----------------------------------------------------+-----
Long Blades    | 4 5 6 7 8 9 11 13 16 18 | 18.3
Fighting       | 4 9 12 15 16 17 19 21 | 21.2
Dodging        | 4 9 11 14 15 16 18 19 | 19.9
Shields        | 4 |  4.0
Invocations    | 5 6 |  6.8
Evocations     | 5 6 |  6.2
Throwing       | |  2.0

Action                   |  1- 3 |  4- 6 |  7- 9 | 10-12 | 13-15 | 16-18 || total
-------------------------+-------+-------+-------+-------+-------+-------++-------
Melee: Long sword        |    80 |   117 |       |       |       |       ||   197
       Headbutt          |     3 |    30 |    55 |    76 |   232 |   169 ||   565
       Great sword       |       |    17 |   259 |    91 |       |       ||   367
       Katana            |       |       |       |   333 |   982 |   626 ||  1941
       Scimitar          |       |       |       |    16 |    41 |       ||    57
Throw: Throwing net      |       |       |       |       |     1 |       ||     1
Invok: Heroism           |       |       |       |     1 |     3 |     4 ||     8
 Abil: Evoke Flight      |       |     1 |     1 |       |       |     2 ||     4
       Stop Flying       |       |       |       |       |       |     2 ||     2
Evoke: Wand              |       |       |       |       |     7 |     2 ||     9
  Use: Scroll            |     4 |     6 |     4 |     6 |     9 |     6 ||    35
       Potion            |     1 |     4 |     5 |     5 |     5 |     4 ||    24
 Stab: Sleeping          |     1 |       |     1 |       |       |       ||     2
       Invisible         |       |       |     4 |       |       |       ||     4
       Held in net/web   |       |       |       |       |     1 |       ||     1
       Paralysed         |       |       |       |       |     2 |       ||     2
  Eat: Chunk             |     2 |     9 |    13 |    17 |    29 |    17 ||    87
       Ration            |       |       |     1 |       |     2 |     1 ||     4
Armor: Leather armour    |    22 |    15 |    46 |    26 |       |       ||   109
       Skin              |       |       |     4 |       |       |       ||     4
       Ring mail         |       |       |       |    43 |   225 |   103 ||   371
Dodge: Dodged            |    48 |    90 |   166 |   270 |   545 |   414 ||  1533
       Repelled          |       |       |       |       |       |    24 ||    24
Block: Buckler           |       |       |       |    47 |   247 |   176 ||   470
       Rpst.: Long sword |    12 |    21 |       |       |       |       ||    33
       Great sword       |       |     4 |    38 |    19 |       |       ||    61
       Katana            |       |       |       |    50 |   123 |    75 ||   248
       Scimitar          |       |       |       |       |     3 |       ||     3
